 Dungeon Crawl Stone Soup version 0.28-a0-407-g69098e2f6d (webtiles) character file.

Game seed: 765147237335181237

81 rogsnak the Magician (level 4, -1/31 HPs)
             Began as a Djinni Fire Elementalist on Sept 6, 2021.
             Engulfed by a cloud of flame (6 damage)
             ... on level 2 of the Dungeon.
             The game lasted 00:03:01 (2151 turns).

rogsnak the Magician (Djinni Fire Elementalist)     Turns: 2151, Time: 00:03:02

Health: -1/31      AC:  3    Str:  7    XL:     4   Next: 67%
Gold:   56         EV: 12    Int: 18    God:
                   SH:  0    Dex: 13

rFire   + + .      SeeInvis .   b - +0 short sword
rCold   x . .      Faith    .   (no shield)
rNeg    . . .      Spirit   .   a - +0 robe
rPois   ∞          Reflect  .   d - +0 helmet
rElec   .          Harm     .   (no cloak)
rCorr   .          Rampage  .   (no gloves)
Will    .....                   (boots unavailable)
Stlth   ++........              (no amulet)
HPRegen 0.10/turn               (no ring)
MPRegen 0.00/turn               (no ring)

@: flying, very slightly contaminated, invisible
A: sickness immunity, fire resistance 2, cold vulnerability 1, float, innate
caster, hp casting, extra vitality 1
a: no special abilities


You were on level 2 of the Dungeon.
You visited 1 branch of the dungeon, and saw 2 of its levels.

You collected 56 gold pieces.

Inventory:

Hand Weapons
 b - a +0 short sword (weapon)
 j - a +2 quarterstaff of chaos
Missiles
 f - 34 stones
Armour
 a - a +0 robe (worn)
 d - a +0 helmet (worn)
 k - a +0 cloak
Scrolls
 g - 4 scrolls of identify {unknown}
 h - a scroll of fear {unknown}
 i - a scroll of enchant weapon {unknown}
Potions
 c - 2 potions of brilliance {unknown}
 e - 3 potions of curing {unknown}


   Skills:
 + Level 0.5 Fighting
 + Level 2.8 Dodging
 - Level 1.5 Stealth
 + Level 3.6 Spellcasting


You couldn't memorise any spells.
You knew the following spells:

 Your Spells              Type           Power      Damage    Failure   Level
a - Foxfire               Conj/Fire      64%        2x1d7     3%          1
b - Scorch                Fire           32%        2d6       4%          2
c - Conjure Flame         Conj/Fire      16%        6-21      10%         3
d - Inner Flame           Hex/Fire       16%        N/A       10%         3
e - Flame Wave            Conj/Fire      16%        3d5       32%         4
f - Sandblast             Erth           32%        2d9       3%          1
Your spell library was empty.

Dungeon Overview and Level Annotations

Branches:
Dungeon (2/15)

Altars:


Innate Abilities, Weirdness & Mutations

You are immune to sickness and miasma.
You are immune to poison.
Your flesh is very heat resistant. (rF++)
You are vulnerable to cold. (rC-)
You float through the air rather than walking.
You learn spells naturally, not from books.
Your magical power is your life essence.
You have superior vitality. (+4 HP)


Message History

Casting: Flame Wave (potentially lethal; 36% risk of failure)
Press: ? - help, Dir - look around, f - activate A wave of flame ripples out!
The tree burns like a torch!
The flame wave engulfs Crazy Yiuf!
Crazy Yiuf is heavily wounded. (Press . to intensify the flame waves.) Crazy Yiuf hits you with a +2 quarterstaff of chaos.
You fade into invisibility!
You are very lightly contaminated with residual magic.
The forest fire spreads!
Unknown command.
Unknown command.
Casting: Flame Wave (potentially lethal; 36% risk of failure)
Confirm with . or Enter, or press ? or * to list all spells.
The spell is potentially lethal to cast (36% risk of failure)!
Continue anyway?
Okay, then.
Press: ? - help, v - describe, . - travel
Here: Crazy Yiuf, wielding a +2 quarterstaff of chaos and wearing a +0 cloak (heavily wounded)
An open translucent door.
Unknown command.
Casting: Flame Wave (potentially lethal; 36% risk of failure)
Confirm with . or Enter, or press ? or * to list all spells.
The spell is potentially lethal to cast (36% risk of failure)!
Continue anyway?
Restarting spell: Flame Wave (potentially lethal; 36% risk of failure)
Press: ? - help, Dir - look around, f - activate A wave of flame ripples out!
The flame wave engulfs Crazy Yiuf!
You kill Crazy Yiuf! (Press . to intensify the flame waves.) Unknown command.
Unknown command.
You resist.
There is an open translucent door here.
Things that are here:
a +2 quarterstaff of chaos; a +0 cloak
j - a +2 quarterstaff of chaos;
k - a +0 cloak You resist.
* * * LOW HITPOINT WARNING * * *
Unknown command.
You resist.
You die...

#.#####..##
#.# #....#
#.# ♣PPP.♣
##.# ♣♣P♣.♣
#..# ♣♣.♣♣
#..# ♣♣.♣
####..#
♣♣♣§♣♣
######.....#
♣♣§§§♣
#..........#
♣.§@§♣
..##....####
♣##§##
........#
#...#
###.###.#
#...#
..###...#
#)..#
#.#[#)#.#
#####
......#.#
#.#.###.#
.....#..#


There were no monsters in sight!

Vanquished Creatures
  Crazy Yiuf (D:2)
  An adder (D:2)
  2 worms (D:2)
  4 bats
  2 endoplasms
  4 goblins
  4 hobgoblins
  3 jackals (D:2)
  A kobold (D:1)
  2 quokkas (D:2)
  6 ball pythons
  4 frilled lizards
  2 rats
36 creatures vanquished.

Vanquished Creatures (others)
  86 foxfires
  A fungus (D:2)
87 creatures vanquished.

Grand Total: 123 creatures vanquished

Notes
Turn   | Place    | Note
-------+----------+-------------------------------------------
     0 | D:1      | rogsnak the Djinni Fire Elementalist began the quest for
                  | the Orb.
     0 | D:1      | Reached XP level 1. HP: 15/15 MP: 0/0
    69 | D:1      | Found a faded altar of an unknown god.
   314 | D:1      | Reached XP level 2. HP: 14/21 MP: 0/0
  1173 | D:2      | Reached skill level 3 in Spellcasting
  1223 | D:2      | Reached XP level 3. HP: 19/26 MP: 0/0
  1223 | D:2      | Learned a level 1 spell: Sandblast
  1926 | D:2      | Reached XP level 4. HP: 30/31 MP: 0/0
  2142 | D:2      | Found a runed translucent door.
  2143 | D:2      | Noticed Crazy Yiuf
  2148 | D:2      | Killed Crazy Yiuf
  2151 | D:2      | Engulfed by a cloud of flame

Illustrated notes

Levels and vault maps discovered:
D:1:      minmay_arrival_cross, layout_loops_ring, basic_ecumenical_altar
D:2:      layout_rooms, minmay_indecisive_spiral, uniq_crazy_yiuf_cottage

Skill      XL: |  1  2 |
---------------+-------+-----
Spellcasting   | 3 |  3.6
Fighting       | |  0.5
Dodging        | |  2.8
Stealth        | |  1.5

Action                   |  1- 3 |  4- 6 || total
-------------------------+-------+-------++-------
Melee: Short sword       |    15 |     9 ||    24
       Unarmed           |     1 |       ||     1
 Cast: Foxfire           |    62 |     1 ||    63
       Scorch            |       |     2 ||     2
       Flame Wave        |       |     2 ||     2
Armor: Robe              |     6 |       ||     6
Dodge: Dodged            |     8 |     4 ||    12

Table legend: (Time is in decaauts)
 A = Elapsed time spent in this place.
 B = Non-inter-level travel time spent in this place.
 C = Inter-level travel time spent in this place.
 D = Time resting spent in this place.
 E = Time spent auto-exploring this place.
 F = Levels seen in this place.
 G = Mean time per level.
                   A        B        C        D        E       F      G
               +--------+--------+--------+--------+--------+-----+--------+
         Total |   2152 |   2094 |     58 |      0 |   1847 |   2 | 1076.0 |
       Dungeon |   2152 |   2094 |     58 |      0 |   1847 |   2 | 1076.0 |
               +--------+--------+--------+--------+--------+-----+--------+

Top non-repeatable levels by time:
     D:1: 1167 daAuts
     D:2: 985 daAuts
